Edmonton Oil Kings vs Tappara Tampere
Created - Sunday, August 18, 2024 at 08:06
Goals
|
| Edmonton Oil Kings |
1 |
1 |
1 |
3 |
| Tappara Tampere |
0 |
0 |
1 |
1 |
|
Shots
|
| Edmonton Oil Kings |
18 |
10 |
3 |
31 |
| Tappara Tampere |
3 |
13 |
9 |
25 |
|
1st period
1. Edmonton Oil Kings , Kirill Marchenko 2 (Connor McMichael 4) at 19:42 (PP)
Penalties :
Jan Rutta (TAP) for Roughing (Minor) at 5:26, Nikita Zaitsev (TAP) for Tripping (Minor) at 19:41
2nd period
2. Edmonton Oil Kings , Connor McMichael 1 (Luke Hughes 2, Jack Quinn 2) at 9:19 (PP)
Penalties :
Kale Clague (EOK) for Hooking (Minor) at 1:12, Jan Rutta (TAP) for Tripping (Minor) at 9:11, Kale Clague (EOK) for Roughing (Double Minor) at 12:27
3rd period
3. Tappara Tampere , Mattias Janmark 1 (Sebastian J Aho 1, Sam Carrick 1) at 2:35 (PP)
4. Edmonton Oil Kings , Connor McMichael 2 (Luke Hughes 3) at 19:26 (Empty Net)
Penalties :
Niko Mikkola (TAP) for Slashing (Minor) at 0:28, Ryker Evans (EOK) for Interference (Minor) at 0:39, Sam Carrick (TAP) for Holding (Minor) at 4:15, Josh Mahura (EOK) for Roughing (Minor) at 14:37
Goalie Stats
Jonathan Quick (EOK), 24 saves from 25 shots - (0.960), W, 2-1-0, 60:00 minutes
Joel Hofer (TAP), 28 saves from 30 shots - (0.933), L, 1-1-0, 59:19 minutes
Players Stats for Edmonton Oil Kings
Player Name G A P +/- PIM S H SB GA TA FO MP PP MP PK MP
------------------------------------------------------------------------------------
Brett Kulak 0 0 0 0 0 0 1 0 1 2 0/0 22:30 2:23 4:00
Connor McMichael 2 1 3 1 0 7 3 1 1 3 8/14 20:46 2:05 3:20
Dillon Dube 0 0 0 0 0 1 1 0 0 2 2/13 15:48 2:13 0:00
Ethan Cardwell 0 0 0 0 0 0 0 1 0 0 0/0 14:32 0:00 0:00
Filip Zadina 0 0 0 0 0 5 1 1 0 1 0/0 18:04 2:13 1:12
Jack Quinn 0 1 1 1 0 4 0 0 2 0 0/0 20:02 2:05 3:24
Joey Anderson 0 0 0 0 0 1 1 0 1 0 0/1 13:23 0:00 1:41
Josh Mahura 0 0 0 0 2 0 2 0 0 1 0/0 15:13 0:00 0:26
Kale Clague 0 0 0 0 6 0 1 0 0 0 0/0 14:25 0:00 0:08
Kirill Marchenko 1 0 1 1 0 6 1 1 2 0 2/4 23:48 2:05 3:15
Luke Hughes 0 2 2 1 0 1 0 1 0 1 0/0 23:16 1:55 3:39
Mackenzie Entwistle 0 0 0 0 0 2 1 0 1 0 1/7 11:32 0:00 0:00
Noah Gregor 0 0 0 0 0 1 3 0 0 0 0/0 19:24 2:13 3:00
Ryker Evans 0 0 0 0 2 1 2 0 0 1 0/0 21:30 2:22 3:52
Samuel Helenius 0 0 0 0 0 0 1 0 0 0 1/3 5:57 0:00 0:00
Troy Stecher 0 0 0 1 0 2 2 1 0 0 0/0 23:16 1:55 3:39
Tyler Angle 0 0 0 0 0 0 0 0 0 0 0/0 5:26 0:00 0:44
Xavier Bourgault 0 0 0 0 0 0 0 0 0 0 0/0 1:11 0:00 0:00
Players Stats for Tappara Tampere
Player Name G A P +/- PIM S H SB GA TA FO MP PP MP PK MP
------------------------------------------------------------------------------------
Andrew Cogliano 0 0 0 -1 0 2 3 0 3 0 2/2 19:26 3:33 2:11
Calvin De Haan 0 0 0 -1 0 0 2 2 0 0 0/0 22:38 3:33 2:17
Dominik Kubalik 0 0 0 0 0 0 2 0 0 0 0/0 8:51 0:15 0:00
Jan Rutta 0 0 0 -1 4 1 0 0 0 3 0/0 21:36 3:33 1:13
Jayson Megna 0 0 0 0 0 1 4 0 1 0 4/5 18:05 3:37 2:07
John Klingberg 0 0 0 0 0 0 0 1 0 1 0/0 17:59 3:44 0:00
Kent Johnson 0 0 0 0 0 1 3 0 1 1 5/8 16:40 3:37 0:00
Logan Stankoven 0 0 0 -1 0 1 0 0 2 1 1/1 16:05 3:35 0:00
Matt Martin 0 0 0 0 0 2 4 0 0 0 0/0 13:20 0:58 0:00
Matthew Beniers 0 0 0 -1 0 4 1 2 2 0 6/11 16:39 3:41 0:00
Mattias Janmark 1 0 1 0 0 2 0 0 1 1 0/0 17:45 3:20 2:07
Nathan Walker 0 0 0 0 0 1 0 0 0 0 0/0 8:36 0:00 0:00
Nikita Zaitsev 0 0 0 0 2 3 1 0 0 0 0/0 19:39 1:21 2:01
Niko Mikkola 0 0 0 0 2 1 0 3 1 1 0/0 20:27 3:29 1:50
Sam Carrick 0 1 1 0 2 2 1 0 0 0 9/10 14:20 1:12 0:00
Sebastian J Aho 0 1 1 0 0 2 0 0 0 0 0/0 17:21 0:20 1:15
Tanner Pearson 0 0 0 0 0 1 0 0 0 0 0/0 12:35 0:29 0:00
Tomas Nosek 0 0 0 0 0 1 3 0 0 0 1/5 11:47 0:08 2:11
3 Stars
1 - Connor McMichael (EOK)
2 - Jonathan Quick (EOK)
3 - Kirill Marchenko (EOK)
Power Play
Edmonton Oil Kings - 2 on 5 Attempt(s) - 40.00%
Tappara Tampere - 1 on 5 Attempt(s) - 20.00%
Penalty Kill
Edmonton Oil Kings - 4 on 5 Attempt(s) - 80.00%
- Score 0 goal in Penalty Kill
Tappara Tampere - 3 on 5 Attempt(s) - 60.00%
- Score 0 goal in Penalty Kill
Team Stat
Edmonton Oil Kings - Hits : 20 - Faceoff Wins : 14 - Blocked Shots : 6 - Penalty Minutes : 10
Tappara Tampere - Hits : 24 - Faceoff Wins : 28 - Blocked Shots : 8 - Penalty Minutes : 10
Official
Referees : Brian Pochmara and Justin Kea
Linesman : Travis Gawryletz and Devin Berg
Game Notes
Connor McMichael has scored in a empty net!
Edmonton Oil Kings
5 vs 5 Forward
Center Left Wing Right Wing Time % Phy DF OF
1 Connor McMichael Jack Quinn Kirill Marchenko 30 1 2 2
2 Dillon Dube Filip Zadina Noah Gregor 30 1 2 2
3 Mackenzie Entwistle Ethan Cardwell Joey Anderson 25 1 2 2
4 Samuel Helenius Kirill Marchenko Ethan Cardwell 15 1 2 2
5 vs 5 Defense
Defense Defense Time % Phy DF OF
1 Troy Stecher Luke Hughes 35 1 2 2
2 Brett Kulak Ryker Evans 35 1 2 2
3 Josh Mahura Kale Clague 30 1 2 2
4 Troy Stecher Luke Hughes 0 1 2 2
PowerPlay Forward
Center Left Wing Right Wing Time % Phy DF OF
1 Connor McMichael Jack Quinn Kirill Marchenko 50 1 2 2
2 Dillon Dube Filip Zadina Noah Gregor 50 1 2 2
PowerPlay Defense
Defense Defense Time % Phy DF OF
1 Troy Stecher Luke Hughes 50 1 2 2
2 Brett Kulak Ryker Evans 50 1 2 2
Penalty Kill 4 Players Forward
Center Wing Time % Phy DF OF
1 Kirill Marchenko Jack Quinn 50 1 2 2
2 Connor McMichael Noah Gregor 50 1 2 2
Penalty Kill 4 Players Defense
Defense Defense Time % Phy DF OF
1 Troy Stecher Luke Hughes 50 1 2 2
2 Brett Kulak Ryker Evans 50 1 2 2
Penalty Kill - 3 Players Forward
Forward Time % Phy DF OF
1 Kirill Marchenko 50 1 2 2
2 Jack Quinn 50 1 2 2
Penalty Kill - 3 Players Defense
Defense Defense Time % Phy DF OF
1 Troy Stecher Luke Hughes 50 1 2 2
2 Brett Kulak Ryker Evans 50 1 2 2
4 vs 4 Forward
Center Wing Time % Phy DF OF
1 Kirill Marchenko Jack Quinn 50 1 2 2
2 Connor McMichael Noah Gregor 50 1 2 2
4 vs 4 Defense
Defense Defense Time % Phy DF OF
1 Troy Stecher Luke Hughes 50 1 2 2
2 Brett Kulak Ryker Evans 50 1 2 2
Last Minutes Offensive
Center Left Wing Right Wing Defense Defense
Connor McMichael Jack Quinn Kirill Marchenko Troy Stecher Luke Hughes
Last Minutes Defensive
Center Left Wing Right Wing Defense Defense
Connor McMichael Jack Quinn Kirill Marchenko Troy Stecher Luke Hughes
Goaltenders
Starting : Jonathan Quick
Backup : Karel Vejmelka
Extra Forwards
Normal : Tyler Angle, Xavier Bourgault, Joey Anderson - PP : Tyler Angle, Xavier Bourgault - PK : Joey Anderson
Extra Defensemen
Normal : Josh Mahura, Kale Clague, Brett Kulak - PP : Josh Mahura - PK : Kale Clague, Brett Kulak
Penalty Shots
Kirill Marchenko, Jack Quinn, Connor McMichael, Noah Gregor, Filip Zadina
Scratches
Riley Kidney (Healthy), Pavel Novak (Healthy), Noel Gunler (Healthy), Kasimir Kaskisuo (Healthy)
Tappara Tampere
5 vs 5 Forward
Center Left Wing Right Wing Time % Phy DF OF
1 Matthew Beniers Andrew Cogliano Logan Stankoven 28 1 2 2
2 Kent Johnson Jayson Megna Mattias Janmark 28 1 2 2
3 Sam Carrick Tanner Pearson Matt Martin 26 1 2 2
4 Tomas Nosek Nathan Walker Dominik Kubalik 18 1 2 2
5 vs 5 Defense
Defense Defense Time % Phy DF OF
1 Jan Rutta Calvin De Haan 34 1 2 2
2 Niko Mikkola John Klingberg 33 1 2 2
3 Nikita Zaitsev Sebastian J Aho 33 1 2 2
4 Jan Rutta Calvin De Haan 0 1 2 2
PowerPlay Forward
Center Left Wing Right Wing Time % Phy DF OF
1 Matthew Beniers Andrew Cogliano Logan Stankoven 50 1 1 3
2 Kent Johnson Jayson Megna Mattias Janmark 50 1 1 3
PowerPlay Defense
Defense Defense Time % Phy DF OF
1 Jan Rutta Calvin De Haan 50 1 2 2
2 Niko Mikkola John Klingberg 50 1 2 2
Penalty Kill 4 Players Forward
Center Wing Time % Phy DF OF
1 Tomas Nosek Andrew Cogliano 50 1 3 1
2 Jayson Megna Mattias Janmark 50 1 3 1
Penalty Kill 4 Players Defense
Defense Defense Time % Phy DF OF
1 Jan Rutta Calvin De Haan 50 2 2 1
2 Niko Mikkola Nikita Zaitsev 50 2 2 1
Penalty Kill - 3 Players Forward
Forward Time % Phy DF OF
1 Jayson Megna 50 1 3 1
2 Tomas Nosek 50 1 3 1
Penalty Kill - 3 Players Defense
Defense Defense Time % Phy DF OF
1 Jan Rutta Calvin De Haan 50 2 2 1
2 Niko Mikkola Nikita Zaitsev 50 2 2 1
4 vs 4 Forward
Center Wing Time % Phy DF OF
1 Matthew Beniers Andrew Cogliano 50 1 2 2
2 Logan Stankoven Kent Johnson 50 1 2 2
4 vs 4 Defense
Defense Defense Time % Phy DF OF
1 Jan Rutta Calvin De Haan 50 1 2 2
2 Niko Mikkola John Klingberg 50 1 2 2
Last Minutes Offensive
Center Left Wing Right Wing Defense Defense
Matthew Beniers Andrew Cogliano Logan Stankoven Jan Rutta Calvin De Haan
Last Minutes Defensive
Center Left Wing Right Wing Defense Defense
Matthew Beniers Andrew Cogliano Logan Stankoven Jan Rutta Calvin De Haan
Goaltenders
Starting : Joel Hofer
Backup : Chris Driedger
Extra Forwards
Normal : Sam Carrick, Matt Martin, Tanner Pearson - PP : Sam Carrick, Matt Martin - PK : Tanner Pearson
Extra Defensemen
Normal : Nikita Zaitsev, Sebastian J Aho, Niko Mikkola - PP : Nikita Zaitsev - PK : Sebastian J Aho, Niko Mikkola
Penalty Shots
Matthew Beniers, Andrew Cogliano, Logan Stankoven, Kent Johnson, Mattias Janmark
Scratches
Andreas Englund (Healthy), Ben Hutton (Healthy), Klim Kostin (Healthy), Ville Ottavainen (Healthy), Max Sasson (Healthy)
Sheldon Dries (Healthy), Jesper Vikman (Healthy), Nikita Tolopilo (Healthy), Brandon Bussi (Healthy)
% Time on Ice - Edmonton Oil Kings
Lines # - Real PCT - Wanted PCT - Time Play
Normal Forward
1 - 29% - 30% - 12:56
2 - 33% - 30% - 14:53
3 - 25% - 25% - 11:32
4 - 13% - 15% - 5:57
Normal Defense
1 - 36% - 35% - 16:05
2 - 34% - 35% - 15:16
3 - 31% - 30% - 13:51
4 - 0% - 0% - 0:06
PP Forward
1 - 48% - 50% - 2:05
2 - 52% - 50% - 2:13
PP Defense
1 - 45% - 50% - 1:55
2 - 55% - 50% - 2:23
PK Forward
1 - 49% - 50% - 4:00
2 - 51% - 50% - 4:05
PK Defense
1 - 51% - 50% - 4:05
2 - 49% - 50% - 4:00
PK3 Forward
1 - 0% - 50%
2 - 0% - 50%
PK3 Defense
1 - 0% - 50%
2 - 0% - 50%
44 Forward
1 - 54% - 50% - 0:58
2 - 46% - 50% - 0:50
44 Defense
1 - 56% - 50% - 1:00
2 - 44% - 50% - 0:48
Last Minute Offensive - 0:00
Last Minute Defensive - 0:31
Total
Forward - 60:00
Defense - 60:00
|
% Time on Ice - Tappara Tampere
Lines # - Real PCT - Wanted PCT - Time Play
Normal Forward
1 - 27% - 28% - 12:20
2 - 28% - 28% - 12:37
3 - 26% - 26% - 11:46
4 - 19% - 18% - 8:36
Normal Defense
1 - 34% - 34% - 15:34
2 - 32% - 33% - 14:24
3 - 34% - 33% - 15:17
4 - 0% - 0% - 0:04
PP Forward
1 - 50% - 50% - 4:02
2 - 50% - 50% - 4:03
PP Defense
1 - 46% - 50% - 3:45
2 - 54% - 50% - 4:20
PK Forward
1 - 51% - 50% - 2:11
2 - 49% - 50% - 2:07
PK Defense
1 - 53% - 50% - 2:17
2 - 47% - 50% - 2:01
PK3 Forward
1 - 0% - 50%
2 - 0% - 50%
PK3 Defense
1 - 0% - 50%
2 - 0% - 50%
44 Forward
1 - 55% - 50% - 0:59
2 - 45% - 50% - 0:49
44 Defense
1 - 46% - 50% - 0:50
2 - 54% - 50% - 0:58
Last Minute Offensive - 0:30
Last Minute Defensive - 0:00
Total
Forward - 60:00
Defense - 60:00
|
Play-by-Play
1st period
0:01 of 1st period - Connor McMichael wins face-off versus Matthew Beniers in neutral zone.
0:06 of 1st period - Snap shot by Jack Quinn.
0:06 of 1st period - Shot Misses the Net.
0:08 of 1st period - Slapshot by Troy Stecher.
0:08 of 1st period - Shot Misses the Net.
0:10 of 1st period - Slapshot by Troy Stecher.
0:10 of 1st period - Stopped by Joel Hofer with a rebound.
0:12 of 1st period - Slapshot by Troy Stecher.
0:12 of 1st period - Shot Misses the Net.
0:14 of 1st period - Snap shot by Jack Quinn.
0:14 of 1st period - Shot Blocked by Calvin De Haan.
0:34 of 1st period - Jack Quinn is hit by Matt Martin and loses puck.
1:58 of 1st period - Brett Kulak is hit by Jayson Megna and loses puck.
4:04 of 1st period - Jack Quinn is hit by Kent Johnson and loses puck.
4:27 of 1st period - Troy Stecher is hit by Dominik Kubalik and loses puck.
5:00 of 1st period - Brett Kulak is hit by Kent Johnson and loses puck.
5:15 of 1st period - Ryker Evans is hit by Sam Carrick and loses puck.
5:26 of 1st period - Minor Penalty to Jan Rutta for Roughing.
5:27 of 1st period - Tomas Nosek wins face-off versus Dillon Dube in Tappara Tampere zone.
6:01 of 1st period - Snap shot by Jack Quinn.
6:01 of 1st period - Stopped by Joel Hofer without a rebound.
6:02 of 1st period - Connor McMichael wins face-off versus Jayson Megna in Tappara Tampere zone.
6:09 of 1st period - Snap shot by Kirill Marchenko.
6:09 of 1st period - Stopped by Joel Hofer with a rebound.
6:11 of 1st period - Slapshot by Connor McMichael.
6:11 of 1st period - Stopped by Joel Hofer with a rebound.
6:13 of 1st period - Snap shot by Kirill Marchenko.
6:13 of 1st period - Shot Blocked by Calvin De Haan.
6:15 of 1st period - Snap shot by Connor McMichael.
6:15 of 1st period - Stopped by Joel Hofer without a rebound.
6:16 of 1st period - Andrew Cogliano wins face-off versus Dillon Dube in Tappara Tampere zone.
6:16 of 1st period - Andrew Cogliano is hit by Ryker Evans.
7:26 of 1st period - Penalty to Jan Rutta is over, Jan Rutta is back on ice.
7:41 of 1st period - Niko Mikkola is hit by Mackenzie Entwistle and loses puck.
8:51 of 1st period - Kirill Marchenko is hit by Calvin De Haan and loses puck.
8:58 of 1st period - Jan Rutta is hit by Connor McMichael and loses puck.
9:07 of 1st period - Snap shot by Connor McMichael.
9:07 of 1st period - Shot Misses the Net.
9:19 of 1st period - Slapshot by Jack Quinn.
9:19 of 1st period - Stopped by Joel Hofer with a rebound.
9:21 of 1st period - Slapshot by Jack Quinn.
9:21 of 1st period - Shot Misses the Net.
9:23 of 1st period - Snap shot by Connor McMichael.
9:23 of 1st period - Stopped by Joel Hofer with a rebound.
9:49 of 1st period - Snap shot by Kirill Marchenko.
9:49 of 1st period - Deflect By Connor McMichael.
9:49 of 1st period - Stopped by Joel Hofer with a rebound.
9:51 of 1st period - Wrist shot by Jack Quinn.
9:51 of 1st period - Stopped by Joel Hofer with a rebound.
9:53 of 1st period - Slapshot by Ryker Evans.
9:53 of 1st period - Stopped by Joel Hofer without a rebound.
9:54 of 1st period - Andrew Cogliano wins face-off versus Dillon Dube in Tappara Tampere zone.
9:54 of 1st period - Andrew Cogliano is hit by Noah Gregor.
10:08 of 1st period - Slapshot by Dillon Dube.
10:08 of 1st period - Shot Blocked by Matthew Beniers.
10:10 of 1st period - Slapshot by Troy Stecher.
10:10 of 1st period - Stopped by Joel Hofer with a rebound.
10:20 of 1st period - Joey Anderson is hit by Matt Martin and loses puck.
10:31 of 1st period - Wrist shot by Matt Martin.
10:31 of 1st period - Shot Misses the Net.
11:48 of 1st period - Andrew Cogliano is hit by Josh Mahura and loses puck.
11:55 of 1st period - Snap shot by Filip Zadina.
11:55 of 1st period - Stopped by Joel Hofer with a rebound.
12:07 of 1st period - Wrist shot by Noah Gregor.
12:07 of 1st period - Stopped by Joel Hofer with a rebound.
12:27 of 1st period - Logan Stankoven is hit by Dillon Dube and loses puck.
12:48 of 1st period - Wrist shot by Filip Zadina.
12:48 of 1st period - Shot Misses the Net.
12:50 of 1st period - Snap shot by Dillon Dube.
12:50 of 1st period - Shot Misses the Net.
12:52 of 1st period - Slapshot by Kale Clague.
12:52 of 1st period - Shot Misses the Net.
12:54 of 1st period - Slapshot by Dillon Dube.
12:54 of 1st period - Shot Blocked by Niko Mikkola.
12:56 of 1st period - Slapshot by Dillon Dube.
12:56 of 1st period - Stopped by Joel Hofer without a rebound.
12:57 of 1st period - Sam Carrick wins face-off versus Mackenzie Entwistle in Tappara Tampere zone.
13:06 of 1st period - Slapshot by Mackenzie Entwistle.
13:06 of 1st period - Stopped by Joel Hofer with a rebound.
13:27 of 1st period - Slapshot by Connor McMichael.
13:27 of 1st period - Stopped by Joel Hofer with a rebound.
14:43 of 1st period - Troy Stecher is hit by Calvin De Haan.
15:05 of 1st period - Connor McMichael is hit by Tomas Nosek and loses puck.
15:20 of 1st period - Kent Johnson is hit by Samuel Helenius and loses puck.
16:55 of 1st period - Wrist shot by Sam Carrick.
16:55 of 1st period - Stopped by Jonathan Quick without a rebound.
16:56 of 1st period - Sam Carrick wins face-off versus Mackenzie Entwistle in Edmonton Oil Kings zone.
17:18 of 1st period - Jack Quinn is hit by Jayson Megna and loses puck.
17:48 of 1st period - Josh Mahura is hit by Dominik Kubalik and loses puck.
18:07 of 1st period - Snap shot by Kirill Marchenko.
18:07 of 1st period - Stopped by Joel Hofer with a rebound.
18:31 of 1st period - Wrist shot by Sam Carrick.
18:31 of 1st period - Stopped by Jonathan Quick with a rebound.
18:33 of 1st period - Wrist shot by Matt Martin.
18:33 of 1st period - Stopped by Jonathan Quick without a rebound.
18:34 of 1st period - Sam Carrick wins face-off versus Dillon Dube in Edmonton Oil Kings zone.
18:35 of 1st period - Wrist shot by Tanner Pearson.
18:35 of 1st period - Shot Hit the Post.
19:05 of 1st period - Snap shot by Andrew Cogliano.
19:05 of 1st period - Shot Misses the Net.
19:23 of 1st period - Sebastian J Aho is hit by Filip Zadina and loses puck.
19:41 of 1st period - Minor Penalty to Nikita Zaitsev for Tripping.
19:42 of 1st period - Connor McMichael wins face-off versus Tomas Nosek in Tappara Tampere zone.
19:42 of 1st period - Snap shot by Kirill Marchenko.
19:42 of 1st period - Goal by Kirill Marchenko - Edmonton Oil Kings : 1 - Tappara Tampere : 0.
19:43 of 1st period - Matthew Beniers wins face-off versus Dillon Dube in neutral zone.
Goals for this period are 1 for Edmonton Oil Kings vs 0 for Tappara Tampere.
Shots for this period are 18 for Edmonton Oil Kings vs 3 for Tappara Tampere.
2nd period
0:01 of 2nd period - Kent Johnson wins face-off versus Dillon Dube in neutral zone.
0:04 of 2nd period - Filip Zadina is hit by Nikita Zaitsev and loses puck.
0:50 of 2nd period - Icing by Jack Quinn.
0:51 of 2nd period - Connor McMichael wins face-off versus Tomas Nosek in Edmonton Oil Kings zone.
1:00 of 2nd period - Wrist shot by Kirill Marchenko.
1:00 of 2nd period - Deflect By Calvin De Haan.
1:00 of 2nd period - Stopped by Joel Hofer with a rebound.
1:12 of 2nd period - Minor Penalty to Kale Clague for Hooking.
1:13 of 2nd period - Matthew Beniers wins face-off versus Kirill Marchenko in Edmonton Oil Kings zone.
1:28 of 2nd period - Slapshot by Logan Stankoven.
1:28 of 2nd period - Shot Blocked by Luke Hughes.
1:38 of 2nd period - Jayson Megna is hit by Noah Gregor and loses puck.
3:03 of 2nd period - Icing by Kent Johnson.
3:04 of 2nd period - Kent Johnson wins face-off versus Joey Anderson in Tappara Tampere zone.
3:12 of 2nd period - Penalty to Kale Clague is over, Kale Clague is back on ice.
3:21 of 2nd period - Slapshot by Troy Stecher.
3:21 of 2nd period - Shot Blocked by John Klingberg.
3:43 of 2nd period - Snap shot by Dominik Kubalik.
3:43 of 2nd period - Shot Misses the Net.
3:45 of 2nd period - Wrist shot by Nathan Walker.
3:45 of 2nd period - Stopped by Jonathan Quick with a rebound.
3:47 of 2nd period - Wrist shot by Nathan Walker.
3:47 of 2nd period - Shot Misses the Net.
3:49 of 2nd period - Snap shot by Tomas Nosek.
3:49 of 2nd period - Stopped by Jonathan Quick with a rebound.
3:51 of 2nd period - Wrist shot by Dominik Kubalik.
3:51 of 2nd period - Shot Misses the Net.
4:53 of 2nd period - Snap shot by Kent Johnson.
4:53 of 2nd period - Stopped by Jonathan Quick with a rebound.
5:46 of 2nd period - Icing by Matthew Beniers.
5:47 of 2nd period - Connor McMichael wins face-off versus Matthew Beniers in Tappara Tampere zone.
6:16 of 2nd period - Wrist shot by Luke Hughes.
6:16 of 2nd period - Deflect By Kirill Marchenko.
6:16 of 2nd period - Shot Misses the Net.
6:16 of 2nd period - Puck is out of play.
6:17 of 2nd period - Kent Johnson wins face-off versus Mackenzie Entwistle in Tappara Tampere zone.
6:17 of 2nd period - Kent Johnson is hit by Ryker Evans.
6:24 of 2nd period - Jayson Megna is hit by Brett Kulak.
7:10 of 2nd period - Tomas Nosek is hit by Troy Stecher.
8:24 of 2nd period - Snap shot by Tomas Nosek.
8:24 of 2nd period - Deflect By Nathan Walker.
8:24 of 2nd period - Shot Misses the Net.
8:24 of 2nd period - Puck is out of play.
8:25 of 2nd period - Connor McMichael wins face-off versus Kent Johnson in Edmonton Oil Kings zone.
8:44 of 2nd period - Mattias Janmark is hit by Kirill Marchenko and loses puck.
9:11 of 2nd period - Minor Penalty to Jan Rutta for Tripping.
9:12 of 2nd period - Connor McMichael wins face-off versus Tomas Nosek in Tappara Tampere zone.
9:17 of 2nd period - Backhand shot by Luke Hughes.
9:17 of 2nd period - Shot Blocked by Niko Mikkola.
9:19 of 2nd period - Wrist shot by Connor McMichael.
9:19 of 2nd period - Goal by Connor McMichael - Edmonton Oil Kings : 2 - Tappara Tampere : 0.
9:20 of 2nd period - Samuel Helenius wins face-off versus Kent Johnson in neutral zone.
9:23 of 2nd period - Slapshot by Luke Hughes.
9:23 of 2nd period - Stopped by Joel Hofer with a rebound.
9:29 of 2nd period - Wrist shot by Mattias Janmark.
9:29 of 2nd period - Shot Misses the Net.
9:31 of 2nd period - Slapshot by Mattias Janmark.
9:31 of 2nd period - Stopped by Jonathan Quick with a rebound.
9:33 of 2nd period - Wrist shot by Jayson Megna.
9:33 of 2nd period - Shot Blocked by Ethan Cardwell.
9:45 of 2nd period - Kirill Marchenko is hit by Matthew Beniers and loses puck.
9:56 of 2nd period - Snap shot by Matthew Beniers.
9:56 of 2nd period - Stopped by Jonathan Quick with a rebound.
9:58 of 2nd period - Slapshot by Nikita Zaitsev.
9:58 of 2nd period - Stopped by Jonathan Quick without a rebound.
9:59 of 2nd period - Kent Johnson wins face-off versus Dillon Dube in Edmonton Oil Kings zone.
10:08 of 2nd period - Slapshot by Jayson Megna.
10:08 of 2nd period - Shot Misses the Net.
10:12 of 2nd period - Snap shot by Jayson Megna.
10:12 of 2nd period - Deflect By Kent Johnson.
10:12 of 2nd period - Shot Blocked by Filip Zadina.
10:12 of 2nd period - Puck is out of play.
10:13 of 2nd period - Dillon Dube wins face-off versus Sam Carrick in Edmonton Oil Kings zone.
10:44 of 2nd period - Snap shot by Kent Johnson.
10:44 of 2nd period - Shot Misses the Net.
10:46 of 2nd period - Slapshot by Nikita Zaitsev.
10:46 of 2nd period - Stopped by Jonathan Quick without a rebound.
10:47 of 2nd period - Dillon Dube wins face-off versus Matthew Beniers in Edmonton Oil Kings zone.
12:02 of 2nd period - Wrist shot by Noah Gregor.
12:02 of 2nd period - Shot Blocked by Niko Mikkola.
12:04 of 2nd period - Slapshot by Filip Zadina.
12:04 of 2nd period - Stopped by Joel Hofer without a rebound.
12:05 of 2nd period - Matthew Beniers wins face-off versus Connor McMichael in Tappara Tampere zone.
12:05 of 2nd period - Matthew Beniers is hit by Connor McMichael.
12:13 of 2nd period - Wrist shot by Matthew Beniers.
12:13 of 2nd period - Stopped by Jonathan Quick with a rebound.
12:15 of 2nd period - Snap shot by Andrew Cogliano.
12:15 of 2nd period - Deflect By Connor McMichael.
12:15 of 2nd period - Stopped by Jonathan Quick with a rebound.
12:17 of 2nd period - Snap shot by Matthew Beniers.
12:17 of 2nd period - Shot Misses the Net.
12:19 of 2nd period - Slapshot by Andrew Cogliano.
12:19 of 2nd period - Shot Blocked by Kirill Marchenko.
12:21 of 2nd period - Snap shot by Andrew Cogliano.
12:21 of 2nd period - Stopped by Jonathan Quick with a rebound.
12:27 of 2nd period - Double Minor Penalty to Kale Clague for Roughing.
12:28 of 2nd period - Matthew Beniers wins face-off versus Kirill Marchenko in Edmonton Oil Kings zone.
12:36 of 2nd period - Snap shot by Matthew Beniers.
12:36 of 2nd period - Stopped by Jonathan Quick with a rebound.
15:43 of 2nd period - Logan Stankoven is hit by Josh Mahura and loses puck.
16:03 of 2nd period - Kirill Marchenko is hit by Jayson Megna and loses puck.
16:27 of 2nd period - Penalty to Kale Clague is over, Kale Clague is back on ice.
16:57 of 2nd period - Wrist shot by Connor McMichael.
16:57 of 2nd period - Deflect By Filip Zadina.
16:57 of 2nd period - Stopped by Joel Hofer with a rebound.
17:19 of 2nd period - Snap shot by Filip Zadina.
17:19 of 2nd period - Stopped by Joel Hofer with a rebound.
17:21 of 2nd period - Slapshot by Kale Clague.
17:21 of 2nd period - Deflect By Connor McMichael.
17:21 of 2nd period - Shot Misses the Net.
17:21 of 2nd period - Puck is out of play.
17:22 of 2nd period - Mackenzie Entwistle wins face-off versus Kent Johnson in Tappara Tampere zone.
17:23 of 2nd period - Wrist shot by Joey Anderson.
17:23 of 2nd period - Stopped by Joel Hofer with a rebound.
17:29 of 2nd period - Wrist shot by Mackenzie Entwistle.
17:29 of 2nd period - Stopped by Joel Hofer with a rebound.
17:31 of 2nd period - Slapshot by Brett Kulak.
17:31 of 2nd period - Shot Hit the Post.
17:49 of 2nd period - Slapshot by Kirill Marchenko.
17:49 of 2nd period - Stopped by Joel Hofer without a rebound.
17:50 of 2nd period - Matthew Beniers wins face-off versus Samuel Helenius in Tappara Tampere zone.
17:59 of 2nd period - Snap shot by Ethan Cardwell.
17:59 of 2nd period - Deflect By Kirill Marchenko.
17:59 of 2nd period - Deflect By Matthew Beniers.
17:59 of 2nd period - Stopped by Joel Hofer without a rebound.
18:00 of 2nd period - Sam Carrick wins face-off versus Mackenzie Entwistle in Tappara Tampere zone.
19:24 of 2nd period - Wrist shot by Sam Carrick.
19:24 of 2nd period - Deflect By Tanner Pearson.
19:24 of 2nd period - Stopped by Jonathan Quick with a rebound.
19:26 of 2nd period - Slapshot by Niko Mikkola.
19:26 of 2nd period - Stopped by Jonathan Quick without a rebound.
19:27 of 2nd period - Sam Carrick wins face-off versus Samuel Helenius in Edmonton Oil Kings zone.
Goals for this period are 1 for Edmonton Oil Kings vs 0 for Tappara Tampere.
Shots for this period are 10 for Edmonton Oil Kings vs 13 for Tappara Tampere.
3rd period
0:01 of 3rd period - Kent Johnson wins face-off versus Connor McMichael in neutral zone.
0:05 of 3rd period - Slapshot by Niko Mikkola.
0:05 of 3rd period - Shot Misses the Net.
0:07 of 3rd period - Snap shot by Jayson Megna.
0:07 of 3rd period - Shot Misses the Net.
0:28 of 3rd period - Minor Penalty to Niko Mikkola for Slashing.
0:29 of 3rd period - Jayson Megna wins face-off versus Connor McMichael in Tappara Tampere zone.
0:39 of 3rd period - Minor Penalty to Ryker Evans for Interference.
0:40 of 3rd period - Kirill Marchenko wins face-off versus Matthew Beniers in Edmonton Oil Kings zone.
0:49 of 3rd period - Snap shot by Kirill Marchenko.
0:49 of 3rd period - Shot Blocked by Matthew Beniers.
1:25 of 3rd period - Brett Kulak is hit by Andrew Cogliano.
2:28 of 3rd period - Penalty to Niko Mikkola is over, Niko Mikkola is back on ice.
2:35 of 3rd period - Snap shot by Mattias Janmark.
2:35 of 3rd period - Goal by Mattias Janmark - Edmonton Oil Kings : 2 - Tappara Tampere : 1.
2:36 of 3rd period - Sam Carrick wins face-off versus Mackenzie Entwistle in neutral zone.
3:58 of 3rd period - Off-side.
3:59 of 3rd period - Sam Carrick wins face-off versus Connor McMichael in neutral zone.
4:15 of 3rd period - Minor Penalty to Sam Carrick for Holding.
4:16 of 3rd period - Jayson Megna wins face-off versus Dillon Dube in Tappara Tampere zone.
4:20 of 3rd period - Off-side.
4:21 of 3rd period - Jayson Megna wins face-off versus Dillon Dube in neutral zone.
5:49 of 3rd period - Icing by Jack Quinn.
5:50 of 3rd period - Jayson Megna wins face-off versus Connor McMichael in Edmonton Oil Kings zone.
6:15 of 3rd period - Penalty to Sam Carrick is over, Sam Carrick is back on ice.
6:26 of 3rd period - Wrist shot by Andrew Cogliano.
6:26 of 3rd period - Shot Misses the Net.
6:35 of 3rd period - Icing by Sam Carrick.
6:36 of 3rd period - Connor McMichael wins face-off versus Tomas Nosek in Tappara Tampere zone.
6:37 of 3rd period - Snap shot by Jack Quinn.
6:37 of 3rd period - Stopped by Joel Hofer with a rebound.
6:43 of 3rd period - Wrist shot by Connor McMichael.
6:43 of 3rd period - Shot Misses the Net.
6:49 of 3rd period - Andrew Cogliano is hit by Connor McMichael and loses puck.
7:02 of 3rd period - Andrew Cogliano is hit by Kale Clague and loses puck.
7:11 of 3rd period - Wrist shot by Andrew Cogliano.
7:11 of 3rd period - Shot Misses the Net.
7:27 of 3rd period - Mackenzie Entwistle is hit by Kent Johnson and loses puck.
7:51 of 3rd period - Snap shot by Matthew Beniers.
7:51 of 3rd period - Shot Misses the Net.
7:53 of 3rd period - Snap shot by Matt Martin.
7:53 of 3rd period - Stopped by Jonathan Quick with a rebound.
7:55 of 3rd period - Snap shot by Sebastian J Aho.
7:55 of 3rd period - Stopped by Jonathan Quick without a rebound.
7:56 of 3rd period - Sam Carrick wins face-off versus Dillon Dube in Edmonton Oil Kings zone.
8:44 of 3rd period - Joey Anderson is hit by Andrew Cogliano and loses puck.
9:27 of 3rd period - Snap shot by Jayson Megna.
9:27 of 3rd period - Shot Misses the Net.
9:29 of 3rd period - Snap shot by Nikita Zaitsev.
9:29 of 3rd period - Stopped by Jonathan Quick with a rebound.
9:31 of 3rd period - Wrist shot by Jayson Megna.
9:31 of 3rd period - Stopped by Jonathan Quick with a rebound.
10:49 of 3rd period - Matthew Beniers is hit by Troy Stecher and loses puck.
12:36 of 3rd period - Luke Hughes is hit by Tomas Nosek.
13:04 of 3rd period - Tyler Angle is hit by Matt Martin and loses puck.
13:49 of 3rd period - Snap shot by Kirill Marchenko.
13:49 of 3rd period - Deflect By Samuel Helenius.
13:49 of 3rd period - Shot Misses the Net.
13:49 of 3rd period - Puck is out of play.
13:50 of 3rd period - Logan Stankoven wins face-off versus Dillon Dube in Tappara Tampere zone.
13:50 of 3rd period - Logan Stankoven is hit by Noah Gregor.
14:26 of 3rd period - Snap shot by Filip Zadina.
14:26 of 3rd period - Stopped by Joel Hofer with a rebound.
14:37 of 3rd period - Minor Penalty to Josh Mahura for Roughing.
14:38 of 3rd period - Matthew Beniers wins face-off versus Connor McMichael in Edmonton Oil Kings zone.
14:38 of 3rd period - Snap shot by Logan Stankoven.
14:38 of 3rd period - Stopped by Jonathan Quick with a rebound.
14:40 of 3rd period - Slapshot by Jan Rutta.
14:40 of 3rd period - Shot Blocked by Connor McMichael.
14:42 of 3rd period - Slapshot by Matthew Beniers.
14:42 of 3rd period - Stopped by Jonathan Quick with a rebound.
14:44 of 3rd period - Wrist shot by Andrew Cogliano.
14:44 of 3rd period - Shot Misses the Net.
14:46 of 3rd period - Snap shot by Calvin De Haan.
14:46 of 3rd period - Shot Misses the Net.
14:48 of 3rd period - Snap shot by Matthew Beniers.
14:48 of 3rd period - Shot Misses the Net.
14:50 of 3rd period - Slapshot by Jan Rutta.
14:50 of 3rd period - Stopped by Jonathan Quick without a rebound.
14:51 of 3rd period - Kirill Marchenko wins face-off versus Matthew Beniers in Edmonton Oil Kings zone.
15:22 of 3rd period - Connor McMichael is hit by Jayson Megna and loses puck.
16:37 of 3rd period - Penalty to Josh Mahura is over, Josh Mahura is back on ice.
17:05 of 3rd period - Dillon Dube is hit by Tomas Nosek and loses puck.
17:18 of 3rd period - Calvin De Haan is hit by Joey Anderson and loses puck.
17:57 of 3rd period - Dillon Dube is hit by Matt Martin.
18:15 of 3rd period - Brett Kulak is hit by Andrew Cogliano and loses puck.
18:45 of 3rd period - Tappara Tampere, Joel Hofer is pulled from the net.
18:45 of 3rd period - Slapshot by Sebastian J Aho.
18:45 of 3rd period - Stopped by Jonathan Quick with a rebound.
18:47 of 3rd period - Slapshot by Sebastian J Aho.
18:47 of 3rd period - Shot Blocked by Troy Stecher.
19:26 of 3rd period - Wrist shot by Connor McMichael.
19:26 of 3rd period - Goal by Connor McMichael - Edmonton Oil Kings : 3 - Tappara Tampere : 1.
19:26 of 3rd period - Joel Hofer from Tappara Tampere was sent back in the game.
19:27 of 3rd period - Sam Carrick wins face-off versus Mackenzie Entwistle in neutral zone.
Goals for this period are 1 for Edmonton Oil Kings vs 1 for Tappara Tampere.
Shots for this period are 3 for Edmonton Oil Kings vs 9 for Tappara Tampere.
Back to the Top